 Dungeon Crawl Stone Soup version 0.18-a0-1300-g6e8322c (webtiles) character file.

262318 nuthulu the Brawler (level 19, 0/105 HPs)
             Began as a Vine Stalker Monk on Feb 11, 2016.
             Was a High Priest of Okawaru.
             Slain by a hell knight
             ... wielding a +3 halberd of chopping
              (1 damage)
             ... on level 3 of the Abyss.
             The game lasted 02:21:44 (44839 turns).

nuthulu the Brawler (Vine Stalker Monk)            Turns: 44839, Time: 02:21:44

Health: 0/105      AC: 33    Str: 18    XL:     19   Next: 99%
Magic:  0/30       EV: 14    Int:  9    God:    Okawaru [*****.]
Gold:   2073       SH:  0    Dex: 19    Spells: 0 memorised, 18 levels left

rFire  + . .     SeeInvis .       - Unarmed
rCold  . . .     Gourm    .     a - +7 plate armour of the Snake Pit {rElec rCorr Int+4}
rNeg   + + +     Faith    .     (no shield)
rPois  +         Spirit   +     U - +2 hat {MR+}
rElec  +         Dismiss  +     B - +2 cloak {MR+}
rCorr  +         Reflect  .     d - +1 pair of gloves of the Elven Halls {-Cast rPois rN++ Stlth+}
SustAt .         Harm     .     F - +2 pair of boots {run}
MR     ++++.     Rnd*Rage +     G - amulet of dismissal
Stlth  ++........ NoCast   +    X - ring of protection from fire
                                c - ring "Osaos" {rElec rN+ MP+9 Int-3}

@: about to teleport, finesse, studying Stealth, quick, incredibly resistant to
hostile enchantments, unstealthy
A: fangs 3, berserk 1, dopey 1, low mp 1, regeneration 3, weak 1, magic shield,
antimagic bite, no device heal 3, rot immunity, subdued magic 2
a: Heroism, Finesse, Renounce Religion
}: 2/15 runes: serpentine, barnacled


You were on level 3 of the Abyss.
You worshipped Okawaru.
Okawaru was extremely pleased with you.
You were not hungry.

You visited 6 branches of the dungeon, and saw 34 of its levels.
You visited the Abyss 1 time.
You visited 1 bazaar.
You also visited: Labyrinth, Bailey and Volcano.

You collected 4586 gold pieces.
You spent 2513 gold pieces at shops.

Inventory:

Armour
 a - the +7 plate armour of the Snake Pit (worn) {rElec rCorr Int+4}
   (You bought it in a shop in a bazaar)

   It affects your intelligence (+4).
   It insulates you from electricity.
   It protects you from acid and corrosion.
 d - the +1 pair of gloves of the Elven Halls (worn) {-Cast rPois rN++ Stlth+}
   (Okawaru gifted it to you on level 4 of the Snake Pit)

   It protects you from poison.
   It greatly protects you from negative energy.
   It prevents spellcasting.
   It makes you more stealthy.
 x - a +0 hat of intelligence
 B - a +2 cloak of magic resistance (worn)
 F - a +2 pair of boots of running (worn)
 O - the +1 cloak of the Invisible Hand {rF+ rCorr Str-5 Int+2}
   (Okawaru gifted it to you on level 7 of the Lair of Beasts)

   It affects your strength (-5).
   It affects your intelligence (+2).
   It protects you from fire.
   It protects you from acid and corrosion.
 U - a +2 hat of magic resistance (worn)
 Y - a +2 pair of gloves of dexterity
Jewellery
 c - the ring "Osaos" (left hand) {rElec rN+ MP+9 Int-3}
   (You found it on level 3 of the Lair of Beasts)

   [ring of positive energy]

   It affects your intelligence (-3).
   It insulates you from electricity.
   It protects you from negative energy.
   It affects your magic capacity (+9).
 g - an uncursed ring of poison resistance
 m - an uncursed ring of positive energy
 u - an uncursed ring of protection from cold
 y - an uncursed ring of protection from fire
 E - an uncursed ring of magical power
 G - an amulet of dismissal (around neck)
 J - an uncursed ring of ice
 X - a ring of protection from fire (right hand)
 Z - an uncursed ring of protection from magic
Wands
 o - a wand of teleportation (4/9)
 D - a wand of digging (1/24)
 K - a wand of teleportation (6/9)
Scrolls
 f - 15 scrolls of identify
 p - 10 scrolls of remove curse
 H - 10 scrolls of teleportation
 I - 3 scrolls of enchant armour
 L - 3 scrolls of fog
 M - 4 scrolls of recharging
 N - a scroll of fear
 P - 4 scrolls of blinking
Potions
 e - 5 potions of magic
 j - a potion of resistance
 k - 4 potions of mutation
 l - 8 potions of agility
 q - 2 potions of ambrosia
 t - 7 potions of brilliance
 v - 3 potions of flight
 w - a potion of curing
 z - 5 potions of lignification
 A - a potion of cure mutation
 Q - 7 potions of haste
 R - a potion of berserk rage
 T - 5 potions of might
Books
 h - a manual of Stealth
Comestibles
 b - 5 bread rations
 i - 6 meat rations
 n - 8 beef jerkies
 s - 2 royal jellies
 C - 6 slices of pizza
 V - 23 fruits


   Skills:
 - Level 13.9 Fighting
 + Level 11.7 Armour
 + Level 14.0 Dodging
 + Level 13.5 Stealth
 * Level 20.6 Unarmed Combat
 - Level 5.4 Invocations


You had 18 spell levels left.
You didn't know any spells.

Dungeon Overview and Level Annotations

Branches:
Dungeon (15/15)            Temple (1/1) D:6            Lair (8/8) D:8
 Shoals (4/4) Lair:5        Snake (4/4) Lair:4        Slime (0/6) Lair:6
    Orc (2/2) D:10            Elf (0/3) Orc:2        Vaults (0/5) D:13
 Depths (0/5) D:15

Altars:
Ashenzari
Cheibriados
Dithmenos
Elyvilon
Fedhas
Gozag
Kikubaaqudgha
Makhleb
Nemelex Xobeh
Okawaru
Pakellas
Qazlal
Ru
Sif Muna
Trog
Vehumet
Xom
Yredelemnul
Zin
The Shining One
Beogh

Shops:
D:7 (   D:8 }   D:12 !   D:14 =   Orc:2 }!*}   Snake:3 *


Innate Abilities, Weirdness & Mutations

You have razor-sharp teeth.
You regenerate.
When hurt, damage is shared between your health and your magic reserves.
Your bite disrupts and absorbs the magic of your enemies.
Potions and wands cannot restore your health.
You are immune to rotting.
You tend to lose your temper in combat.
[You are dopey. (Int -2)]
[Your magical capacity is low (-10% MP).]
[You are weak. (Str -2)]
[Your spells are easier to cast, but less powerful.]


Message History

The hell knight hits you from afar with a halberd of chopping.
* * * LOW HITPOINT WARNING * * *
The small abomination hits you but does no damage.
The raiju closely misses you.
Things that are here:
an enchanted demon whip; a chain mail; a human corpse You hit the small abomination but do no damage.
You bite the small abomination! You drain its power.
You feel invigorated.
You destroy the small abomination!
Okawaru accepts your kill. The starcursed mass engulfs you.
* * * LOW HITPOINT WARNING * * *
The raiju completely misses you.
A starcursed mass splits.
You punch the starcursed mass!
The starcursed mass is almost destroyed.
The starcursed mass shudders and is absorbed by its neighbour.
The starcursed mass engulfs you but does no damage.
The hell knight hits you from afar with a halberd of chopping!
* * * LOW HITPOINT WARNING * * *
You die...

. .. .... #..
.................
................ .
................
...................
....$..............
.........X........ .
.
........hh..........
....XXXX@....... .
.....hXXXX......# .
.......pXX.......# .
..XX..X.XX......# .
..X..X..†........#
....X.............#
.. ..X.............#
...................'
. .. .. .. ..§ .# .
.


You could see 18 starcursed masses, a hell knight, 2 large abominations and 3
raiju.

Vanquished Creatures
  An ancient lich (Abyss:3)
  Vashnia (Snake:4)
  Jorgrun (Snake:4)
  Gastronok (D:12)
  Agnes (D:15)
  3 tentacled starspawn (Abyss:3)
  4 greater nagas (Snake:4)
  Ilsuiw (Shoals:4)
  Donald (Shoals:3)
  Aizul (Snake:3)
  The ghost of namelastname112 the Spear-Bearer, a journeyman DrGl of Yredelemnul (Lair:2)
  11 merfolk javelineers
  Snorg (D:12)
  A minotaur (Lab)
  An ettin (Orc:1)
  3 vault guards (D:13)
  8 merfolk impalers
  The ghost of Tomstefer the Grappler, a journeyman TrMo of Qazlal (D:10)
  A fire dragon (Lair:2)
  Josephine (D:10)
  6 hydras
  12 naga warriors
  A catoblepas (Lair:7)
  5 merfolk avatars
  Erica (D:8)
  3 centaur warriors
  2 alligators (Shoals:4)
  A satyr (Shoals:4)
  5 anacondas
  6 merfolk aquamancers
  4 tengu warriors
  13 naga sharpshooters
  3 death yaks (Lair:8)
  2 thrashing horrors (Abyss:3)
  An orc high priest (D:10)
  2 soul eaters (Abyss:3)
  4 shock serpents
  Nergalle (Lair:2)
  5 skeletal warriors
  4 hell knights (Abyss:3)
  7 sea snakes
  2 wretched stars (Abyss:3)
  A salamander mystic (Snake:2)
  A flayed ghost (Abyss:3)
  7 hill giants
  4 unseen horrors
  A lindwurm (Lair:3)
  8 orc knights
  7 naga ritualists
  A harpy (shapeshifter) (D:15)
  A necromancer (Abyss:3)
  17 mana vipers
  10 harpies
  8 large abominations (Abyss:3)
  12 manticores
  A wizard (D:13)
  4 water nymphs
  2 worldbinders (Abyss:3)
  6 cyclopes
  2 orc sorcerers (Orc:1)
  10 griffons
  4 ugly things
  10 sirens
  A rust devil (Abyss:3)
  4 fauns (Shoals:4)
  14 salamanders
  A sixfirhy (Abyss:3)
  25 elephants
  Maurice (D:11)
  A guardian serpent (Snake:2)
  41 black mambas
  Psyche (D:12)
  22 naga magi
  14 spiny frogs
  7 gargoyles
  9 komodo dragons
  A freezing wraith (D:15)
  A yaktaur (D:13)
  A hellion (Abyss:3)
  A tengu conjurer (D:13)
  2 ancient zymes (Abyss:3)
  2 fire drakes
  A hellwing (Abyss:3)
  9 polar bears
  7 trolls
  33 merfolk
  2 wind drakes
  A hornet zombie (D:15)
  Grinder (D:6)
  A two-headed ogre (D:10)
  Prince Ribbit (D:6)
  26 blink frogs
  11 slime creatures
  10 snapping turtles
  5 raiju (Abyss:3)
  20 water elementals
  2 flying skulls (Volcano)
  16 redbacks
  A spriggan (shapeshifter) (D:15)
  6 shadows (Lab)
  A vampire (Volcano)
  46 yaks
  15 spriggans (Lair:8)
  6 wraiths
  3 basilisks
  2 humans
  A hungry ghost (D:13)
  2 chaos spawn (Abyss:3)
  A wyvern (shapeshifter) (D:14)
  A golden eye (Abyss:3)
  2 basilisks (shapeshifter)
  14 hippogriffs
  2 neqoxecs (Abyss:3)
  24 wolves
  7 wargs
  63 nagas
  22 water moccasins
  16 porcupines
  15 ice beasts
  3 sky beasts
  6 wasps
  58 orc warriors
  7 black bears
  3 eyes of draining
  15 ogres
  A phantom (D:14)
  4 boggarts (D:15)
  16 centaurs
  4 big kobolds
  15 crocodiles
  17 giant frogs
  2 wyvern zombies
  A gnoll sergeant (D:10)
  A wyvern skeleton (D:15)
  7 small abominations (Abyss:3)
  6 scorpions
  13 killer bees
  8 wights
  A vampire bat (D:5)
  2 electric eels
  5 crimson imps
  3 centaur zombies
  11 starcursed masses (Abyss:3)
  3 giant frog zombies
  5 hounds
  2 quasits
  7 jellies
  A centaur skeleton (D:7)
  2 giant frog skeletons
  3 gnoll shamans (D:10)
  18 orc priests
  Jessica (D:3)
  26 orc wizards
  6 iguanas
  Natasha (twice) (D:3)
  7 worker ants
  15 sheep
  A hound zombie (D:5)
  2 hound skeletons
  2 mummies (Volcano)
  19 gnolls
  14 adders
  49 river rats
  A shadow imp (D:14)
  An ufetubus (Abyss:3)
  2 oozes
  5 worms
  3 giant geckos
  120 orcs
  3 ball pythons (Lair:4)
  4 giant cockroaches
  7 goblins
  6 hobgoblins
  3 jackals
  2 quokkas
  18 bats
  A giant cockroach zombie (D:8)
  6 giant newts
  30 kobolds
  8 rats
  3 fungi
  4 tentacles (Shoals:4)
  A tentacle segment (Shoals:4)
1418 creatures vanquished.

Vanquished Creatures (others)
  A kraken (Shoals:4)
  A harpy (Shoals:4)
  A salamander (Snake:4)
  An ufetubus (Abyss:3)
  15 fungi
  A lurking horror (Abyss:3)
  12 plants
  6 starspawn tentacles (Abyss:3)
  88 starspawn tentacle segments (Abyss:3)
  21 tentacles (Shoals:4)
  890 tentacle segments (Shoals:4)
1037 creatures vanquished.

Grand Total: 2455 creatures vanquished

Notes
Turn   | Place    | Note
--------------------------------------------------------------
     0 | D:1      | nuthulu the Vine Stalker Monk began the quest for the Orb.
     0 | D:1      | Reached XP level 1. HP: 11/11 MP: 2/2
   218 | D:1      | Reached XP level 2. HP: 16/16 MP: 3/3
   804 | D:2      | Reached XP level 3. HP: 20/20 MP: 4/4
  1120 | D:2      | Found an oddly glowing altar of Pakellas.
  1490 | D:3      | Reached XP level 4. HP: 21/24 MP: 5/5
  1651 | D:3      | Noticed Jessica
  1664 | D:3      | Killed Jessica
  1784 | D:3      | Reached XP level 5. HP: 26/28 MP: 6/6
  1789 | D:3      | Noticed Natasha
  1803 | D:3      | Killed Natasha
  1847 | D:3      | Noticed Natasha
  1861 | D:3      | Killed Natasha
  2228 | D:4      | Gained mutation: You heal very quickly. [Vine Stalker growth]
  2228 | D:4      | Reached XP level 6. HP: 17/33 MP: 4/7
  2337 | D:4      | Reached skill level 5 in Unarmed Combat
  2531 | D:5      | Entered Level 5 of the Dungeon
  2627 | D:4      | Reached skill level 5 in Stealth
  2627 | D:4      | Reached XP level 7. HP: 15/37 MP: 8/8
  2885 | D:5      | Found a white marble altar of Elyvilon.
  2907 | D:5      | Found a shadowy altar of Dithmenos.
  3691 | D:6      | Found a staircase to the Ecumenical Temple.
  3752 | D:6      | Reached skill level 6 in Stealth
  3766 | D:6      | Gained mutation: You are partially covered in icy blue scales (AC +1). [potion of mutation]
  3766 | D:6      | Gained mutation: You have a pair of small horns on your head. [potion of mutation]
  3787 | D:6      | Gained mutation: You have razor-sharp teeth. [Vine Stalker growth]
  3787 | D:6      | Reached XP level 8. HP: 40/42 MP: 9/9
  3796 | D:6      | Noticed Prince Ribbit
  3817 | D:6      | Killed Prince Ribbit
  3817 | D:6      | Reached skill level 5 in Fighting
  3861 | Temple   | Entered the Ecumenical Temple
  3951 | D:6      | Reached skill level 5 in Dodging
  3956 | D:6      | Reached skill level 7 in Stealth
  4500 | D:6      | Found an iron altar of Okawaru.
  4526 | D:6      | Became a worshipper of Warmaster Okawaru
  4526 | D:6      | Reached * piety under Okawaru
  4526 | D:6      | Reached ** piety under Okawaru
  4550 | D:6      | Noticed Grinder
  4562 | D:6      | Killed Grinder
  4588 | D:6      | Reached XP level 9. HP: 48/48 MP: 10/10
  4655 | D:6      | Found a sparkling altar of Nemelex Xobeh.
  4796 | D:7      | Found an ancient bone altar of Kikubaaqudgha.
  5026 | D:7      | Found a glowing golden altar of the Shining One.
  5070 | D:7      | Found Boecluh's Antique Weapon Emporium.
  5111 | D:7      | Reached skill level 8 in Stealth
  5336 | D:7      | HP: 2/48 [yak (5)]
  5655 | D:7      | Reached *** piety under Okawaru
  5924 | D:8      | Found Jiwuh's Gadget Shoppe.
  6163 | D:8      | Noticed Erica
  6172 | D:8      | Killed Erica
  6172 | D:8      | Reached skill level 9 in Stealth
  6172 | D:8      | Reached XP level 10. HP: 46/53 MP: 11/11
  6574 | D:8      | Found a staircase to the Lair.
  6856 | D:8      | Found an ancient bone altar of Kikubaaqudgha.
  7612 | D:9      | Found a sacrificial altar of Ru.
  7979 | D:10     | Entered Level 10 of the Dungeon
  7994 | D:10     | Reached **** piety under Okawaru
  8131 | D:10     | Noticed Josephine
  8150 | D:10     | Killed Josephine
  8150 | D:10     | Reached skill level 10 in Stealth
  8315 | D:10     | Noticed a hill giant
  8339 | D:10     | Killed a hill giant
  8339 | D:10     | Reached XP level 11. HP: 38/60 MP: 12/12
  8447 | D:10     | Reached ***** piety under Okawaru
  8450 | D:10     | Killed an unseen horror
  8450 | D:10     | Reached skill level 11 in Stealth
  8656 | D:10     | Found a staircase to the Orcish Mines.
  9013 | D:10     | Noticed Tomstefer's ghost (journeyman TrMo)
  9042 | D:10     | Killed Tomstefer's ghost
  9042 | D:10     | Received a gift from Okawaru
  9152 | D:10     | Reached skill level 10 in Unarmed Combat
  9645 | Lair:1   | Entered Level 1 of the Lair of Beasts
  9676 | Lair:1   | Reached skill level 1 in Armour
 10481 | Lair:2   | Noticed namelastname112's ghost (journeyman DrGl)
 10498 | Lair:2   | Killed namelastname112's ghost
 10498 | Lair:2   | Gained mutation: You regenerate. [Vine Stalker growth]
 10498 | Lair:2   | Reached XP level 12. HP: 26/66 MP: 13/13
 10574 | Lair:2   | Noticed a fire dragon
 10595 | Lair:2   | Killed a fire dragon
 10595 | Lair:2   | Received a gift from Okawaru
 10939 | Lair:2   | Noticed a five-headed hydra
 10956 | Lair:2   | Killed a five-headed hydra
 11107 | Lair:2   | Noticed Nergalle
 11116 | Lair:2   | Killed Nergalle
 11640 | Lair:3   | Found a stormy altar of Qazlal.
 11781 | Lair:3   | Received a gift from Okawaru
 11795 | Lair:3   | Identified a +2 pair of boots of running (Okawaru gifted it to you on level 3 of the Lair of Beasts)
 11825 | Lair:3   | Found a dark tunnel.
 11911 | Volcano  | Entered a volcano
 12015 | Volcano  | Reached skill level 12 in Unarmed Combat
 12384 | Lair:3   | Got a scorched copper ring
 12386 | Lair:3   | Identified the ring "Osaos" {rElec rN+ MP+9 Int-3} (You found it on level 3 of the Lair of Beasts)
 12747 | Lair:3   | Noticed a six-headed hydra
 12757 | Lair:3   | Killed a six-headed hydra
 12757 | Lair:3   | Reached XP level 13. HP: 47/72 MP: 14/14
 12873 | Lair:4   | Reached skill level 10 in Fighting
 13126 | Lair:4   | Found a staircase to the Snake Pit.
 14129 | Lair:5   | Found a staircase to the Shoals.
 14148 | Lair:5   | Reached skill level 13 in Unarmed Combat
 14189 | Lair:5   | Reached skill level 5 in Armour
 14233 | Lair:5   | Reached ****** piety under Okawaru
 14688 | Lair:5   | Received a gift from Okawaru
 15373 | Lair:6   | Found a labyrinth entrance.
 15388 | Lab      | Entered a labyrinth
 16492 | Lab      | Reached skill level 10 in Dodging
 20895 | Lab      | Noticed a minotaur
 20902 | Lab      | Killed a minotaur
 20915 | Lab      | Got a bloodstained plate armour
 20931 | Lab      | Identified the +6 plate armour "Qameoq" {*Confuse +Inv rC+ rCorr} (You found it in a labyrinth)
 20950 | Lair:6   | Reached XP level 14. HP: 75/77 MP: 15/15
 21072 | Lair:6   | Found a staircase to the Slime Pits.
 21670 | Lair:7   | Reached skill level 14 in Unarmed Combat
 22110 | Lair:7   | Received a gift from Okawaru
 22127 | Lair:7   | Got a jewelled cloak {god gift}
 22138 | Lair:7   | Identified the +1 cloak of the Invisible Hand {rF+ rCorr Str-5 Int+2} (Okawaru gifted it to you on level 7 of the Lair of Beasts)
 22891 | Lair:8   | Entered Level 8 of the Lair of Beasts
 23619 | Lair:8   | Reached skill level 15 in Unarmed Combat
 23646 | Lair:8   | Reached XP level 15. HP: 55/83 MP: 16/16
 23735 | Lair:8   | Received a gift from Okawaru
 24807 | Orc:1    | Entered Level 1 of the Orcish Mines
 24807 | Orc:1    | Found a roughly hewn altar of Beogh.
 25688 | Orc:2    | Entered Level 2 of the Orcish Mines
 26044 | Orc:2    | Found Ivvurunec's Gadget Emporium.
 26044 | Orc:2    | Found Hoekliv's Distillery.
 26092 | Orc:2    | Bought a potion of beneficial mutation for 455 gold pieces
 26092 | Orc:2    | Gained mutation: You can translocate small distances at will. [potion of beneficial mutation]
 26136 | Orc:2    | Found a roughly hewn altar of Beogh.
 26253 | Orc:2    | Received a gift from Okawaru
 26276 | Orc:2    | Found Riaq's General Store.
 26276 | Orc:2    | Found Ofacyel's Gadget Shop.
 26322 | Orc:2    | Found a staircase to the Elven Halls.
 26381 | Orc:2    | Reached skill level 16 in Unarmed Combat
 26408 | Orc:2    | Bought a scroll of enchant armour for 112 gold pieces
 26998 | D:11     | Noticed Maurice
 27048 | D:11     | Killed Maurice
 27964 | D:11     | Received a gift from Okawaru
 28286 | D:12     | Noticed Gastronok
 28286 | D:12     | Noticed Psyche
 28367 | D:12     | Killed Psyche
 28398 | D:12     | Killed Gastronok
 28398 | D:12     | Reached XP level 16. HP: 58/88 MP: 17/17
 28500 | D:12     | Found Kesh's Distillery.
 28581 | D:12     | Bought a potion of curing for 45 gold pieces
 29292 | D:12     | Noticed Snorg
 29307 | D:12     | Killed Snorg
 29866 | D:13     | Identified a scroll of acquirement
 30124 | D:13     | Found a gate to the Vaults.
 30543 | D:14     | Found a flagged portal.
 30716 | D:14     | Found Wico's Jewellery Boutique.
 30768 | Bailey   | Entered a bailey
 31409 | D:14     | Found a roughly hewn altar of Beogh.
 31422 | D:14     | Received a gift from Okawaru
 31753 | D:14     | Reached skill level 17 in Unarmed Combat
 31877 | D:15     | Entered Level 15 of the Dungeon
 32059 | D:15     | Noticed Agnes
 32085 | D:15     | Killed Agnes
 32120 | D:15     | Found a basalt altar of Yredelemnul.
 32562 | D:15     | Received a gift from Okawaru
 32760 | D:15     | Found a staircase to the Depths.
 33548 | Snake:1  | Entered Level 1 of the Snake Pit
 34335 | Snake:1  | Received a gift from Okawaru
 34335 | Snake:1  | Reached XP level 17. HP: 82/94 MP: 18/18
 34692 | Snake:2  | Found a flickering gateway to a bazaar.
 34698 | Bazaar   | Entered a bazaar
 34698 | Bazaar   | Found Qaakkun's Antique Armour Boutique.
 34753 | Bazaar   | Bought a twisted plate armour for 308 gold pieces
 34761 | Bazaar   | Found Koaxu Kett's Gadget Shoppe.
 34770 | Bazaar   | Found Jiel's Antique Armour Shop.
 34773 | Bazaar   | Found Maufalur's Assorted Antiques.
 34783 | Bazaar   | Bought a scroll of teleportation for 81 gold pieces
 34783 | Bazaar   | Bought a scroll of fear for 94 gold pieces
 34783 | Bazaar   | Bought a scroll of teleportation for 81 gold pieces
 34791 | Bazaar   | Identified the +7 plate armour of the Snake Pit {rElec rCorr Int+4} (You bought it in a shop in a bazaar)
 35331 | Snake:2  | Reached skill level 18 in Unarmed Combat
 35336 | Snake:2  | Reached skill level 1 in Invocations
 36175 | Snake:3  | Found Qearaogh's Assorted Antiques.
 36265 | Snake:3  | Bought a potion of cure mutation for 625 gold pieces
 36265 | Snake:3  | Bought a scroll of enchant armour for 187 gold pieces
 36265 | Snake:3  | Bought 2 scrolls of enchant armour for 375 gold pieces
 36269 | Snake:3  | Bought 2 potions of curing for 150 gold pieces
 36347 | Snake:3  | Reached skill level 10 in Armour
 36354 | Snake:3  | Noticed Aizul
 36367 | Snake:3  | Killed Aizul
 36860 | Snake:4  | Entered Level 4 of the Snake Pit
 36928 | Snake:4  | Noticed Jorgrun
 36948 | Snake:4  | Killed Jorgrun
 37301 | Snake:4  | Received a gift from Okawaru
 37308 | Snake:4  | Got a pair of polished gloves {god gift}
 37327 | Snake:4  | Identified the +1 pair of gloves of the Elven Halls {-Cast rPois rN++ Stlth+} (Okawaru gifted it to you on level 4 of the Snake Pit)
 37557 | Snake:4  | Reached XP level 18. HP: 53/100 MP: 22/22
 37790 | Snake:4  | Noticed Vashnia
 37790 | Snake:4  | Reached skill level 5 in Invocations
 37883 | Snake:4  | HP: 3/100 [Vashnia/bolt (9)]
 37884 | Snake:4  | Killed Vashnia
 37887 | Snake:4  | HP: 1/100 [naga sharpshooter/bolt[Vashnia] (2)]
 37892 | Snake:4  | HP: 2/100 [poisoned by a naga sharpshooter]
 38234 | Snake:4  | Reached skill level 19 in Unarmed Combat
 38986 | Snake:4  | Got a serpentine rune of Zot
 39164 | Shoals:1 | Entered Level 1 of the Shoals
 41722 | Shoals:3 | Noticed Donald
 41758 | Shoals:3 | Killed Donald
 41959 | Shoals:3 | Received a gift from Okawaru
 42180 | Shoals:4 | Entered Level 4 of the Shoals
 42180 | Shoals:4 | Noticed Ilsuiw
 42275 | Shoals:4 | Reached XP level 19. HP: 92/105 MP: 24/24
 43100 | Shoals:4 | Reached skill level 20 in Unarmed Combat
 43365 | Shoals:4 | Got a barnacled rune of Zot
 43905 | Shoals:4 | Killed Ilsuiw
 44075 | Shoals:4 | Cast into level 3 of the Abyss (merfolk impaler)
 44223 | Abyss:3  | Gained mutation: You tend to lose your temper in combat. [a neqoxec]
 44242 | Abyss:3  | Lost mutation: You have a pair of small horns on your head. [potion of cure mutation]
 44242 | Abyss:3  | Lost mutation: You tend to lose your temper in combat. [potion of cure mutation]
 44242 | Abyss:3  | Lost mutation: You are partially covered in icy blue scales (AC +1). [potion of cure mutation]
 44242 | Abyss:3  | Lost mutation: You can translocate small distances at will. [potion of cure mutation]
 44335 | Abyss:3  | Noticed a hellephant
 44549 | Abyss:3  | Noticed an ancient lich
 44567 | Abyss:3  | Killed an ancient lich
 44567 | Abyss:3  | Received a gift from Okawaru
 44595 | Abyss:3  | Gained mutation: You tend to lose your temper in combat. [a neqoxec]
 44829 | Abyss:3  | Paralysed by accursed screaming for 2 turns
 44839 | Abyss:3  | HP: 1/105 [hell knight/halberd of chopping (5)]
 44839 | Abyss:3  | Slain by a hell knight

Vault maps used:
D:1:      minmay_arrival_semitransparent, minmay_fountain_box
D:2:      minivault_5, grunt_pakellas_basics
D:3:      uniq_natasha, uniq_jessica
D:4:      first_bread
D:5:      nicolae_dithmenos_through_a_glass_darkly, elyvilon_altar_5,
          wad_floor_pattern_1, roderic_batcave
D:6:      nemelex_deck, minmay_temple_entry_poolview, okawaru_metal_pillars_1_2,
          uniq_prince_ribbit1, uniq_grinder
D:7:      nicolae_tso_carved_into_rock, serial_shops, shop, basic_altar,
          grunt_livestock, kennysheep_potato
D:8:      lemuel_coloured_pillars_altar, lair_0_dummy, serial_shops,
          nicolae_shop_temple_entry_statues_fountains, uniq_erica
D:9:      nicolae_ru_sacrificial_ziggurat
D:10:     kennysheep_seaside_town, orc_0_dummy,
          hangedman_abyss_or_decor_stagger, uniq_josephine
D:11:     uniq_maurice
D:12:     serial_shops, nicolae_shop_crystal, minivault_10, uniq_gastronok,
          uniq_snorg, uniq_psyche
D:13:     grunt_vaults_entry_fortified, minmay_stone_trees_small
D:14:     serial_shops, kennysheep_mini_moat, special_room, enter_bailey_8,
          kennysheep_generic_room_3
D:15:     gammafunk_enter_depths_forms, yredelemnul_altar_generic, uniq_agnes
Temple:   circular_temple_12
Lair:1:   st_stairs_12, minivault_23, patterned_corridor
Lair:2:   dragon1_lemuel, beast_lair_carwin_1, bh_autumn_forest_stairs,
          grunt_megastairs_2, uniq_nergalle
Lair:3:   nicolae_volcano_entry_vermiform, basic_altar
Lair:4:   minmay_snake_entry_six_corridors
Lair:5:   minmay_shoals_entry_beasts, lemuel_fruit_fields
Lair:6:   slime_dummy, lab_entry_generic
Lair:7:   infiniplex_staircase_pool
Lair:8:   minmay_lair_end_enchanted_forest
Shoals:3: uniq_donald
Shoals:4: shoals_end_simple, shoal_ilsuiw,
          nicolae_shoals_siren_and_animal_friends
Snake:1:  hangedman_snake_pattern, nicolae_coiled_stairwell_down
Snake:2:  serial_shops, bzr_entry_dummy
Snake:3:  serial_shops, shop_coins, serial_bayou_shore_b, lemuel_fruit_tree,
          uniq_aizul
Snake:4:  minmay_snake_end_coiled, uniq_vashnia, uniq_jorgrun
Orc:1:    basic_altar
Orc:2:    st_orc_town, portal_ice_cave_entry_ice_beasts
Abyss:3:  evilmike_abyss_exit_16
Lab:      nicolae_lab_grate, nicolae_lab_t_cross, lab_hedge, nicolae_lab_swirl,
          nicolae_lab_dead_end, nicolae_lab_blocks, nicolae_lab_hexagon,
          nicolae_lab_checkerboard, nicolae_lab_diamond
Bazaar:   bazaar_kb_twisted_cavern
Bailey:   bailey_axe_4, bailey
Volcano:  volcano_tomb

Action                   |  1- 3 |  4- 6 |  7- 9 | 10-12 | 13-15 | 16-18 | 19-21 || total
-------------------------+-------+-------+-------+-------+-------+-------+-------++-------
Melee: Unarmed           |   101 |   150 |   257 |   798 |  1631 |  1979 |   602 ||  5518
 Fire: Blowgun           |       |     1 |     1 |     2 |    18 |       |       ||    22
Invok: Heroism           |       |       |     6 |    21 |    42 |    37 |    14 ||   120
       Finesse           |       |       |       |       |       |     8 |     9 ||    17
Evoke: Wand              |       |     3 |       |     1 |     2 |     1 |       ||     7
       Rod               |       |     1 |       |       |       |       |       ||     1
  Use: Scroll            |    12 |     3 |    10 |     7 |    13 |    17 |     4 ||    66
       Potion            |       |     2 |     4 |     2 |     4 |     9 |     4 ||    25
 Stab: Sleeping          |     7 |       |     5 |     2 |       |     2 |     2 ||    18
       Invisible         |       |       |     5 |       |     3 |       |       ||     8
       Distracted        |       |       |       |       |       |       |     1 ||     1
  Eat: Chunk             |     2 |     4 |     7 |    19 |    32 |    23 |     1 ||    88
       Bread ration      |       |       |     1 |     1 |     1 |     4 |     3 ||    10
       Meat ration       |       |       |       |       |     2 |     1 |       ||     3
       Pizza             |       |       |       |       |     2 |       |       ||     2
       Beef jerky        |       |       |       |       |     1 |     3 |       ||     4
